NYP
STATEN ISLAND YANKEES @ LOS ANGELES (NYP) ANGELS
07/30/2044
 
TOP OF THE 1ST
Staten Island Yankees batting - Pitching for Los Angeles (NYP) Angels : LHP Jon Curtis
Pitching: LHP Jon Curtis
Batting: RHB Steve Martin 0-0: Ball
1-0: Foul Ball, location: 2F
1-1: Ball
2-1: SOLO HOME RUN (Flyball, 89XD, EV 102.5 MPH), Distance : 420 ft
Batting: RHB Phil Corliss 0-0: Swinging Strike
0-1: Ball
1-1: Ball
2-1: Swinging Strike
2-2: Strikes out looking
Batting: RHB Andres Valles 0-0: Ball
1-0: Called Strike
1-1: Ball
2-1: Ball
3-1: Base on Balls
Batting: LHB Roald Jacobs 0-0: SINGLE (Groundball, 34D, EV 95.6 MPH)
Andres Valles to second
Runner from 2nd tries for 3rd, SAFE, throw by RF made to third
Batting: LHB Tatsuo Yasui 0-0: Called Strike
0-1: SINGLE (Line Drive, 3D, EV 98.1 MPH)
Andres Valles scores
Roald Jacobs to second
Runner from 2nd tries for 3rd, SAFE, throw by RF made to third
Batting: LHB Ben Roth 0-0: Called Strike
Tatsuo Yasui steals 2nd base
0-1: Ball
1-1: Ball
2-1: Ball
3-1: Fly out, F7 (Flyball, 7LS, EV 88.1 MPH)
Batting: RHB Lorenzo Vasquez 0-0: Ball
1-0: Ball
2-0: Called Strike
2-1: Ground out U3 (Groundball, 34, EV 86.9 MPH)
Top of the 1st over - 2 runs, 3 hits, 0 errors, 2 left on base; Staten Island 2 - Los Angeles (NYP) 0
BOTTOM OF THE 1ST
Los Angeles (NYP) Angels batting - Pitching for Staten Island Yankees : RHP Greg Waters
Pitching: RHP Greg Waters
Batting: RHB Randy Grewe 0-0: Called Strike
0-1: Swinging Strike
0-2: Ball
1-2: Foul Ball, location: 2F
1-2: Fly out, F1 (Line Drive, P, EV 69.4 MPH)
Batting: RHB Steve Hasson 0-0: Ground out 6-3 (Groundball, 6, EV 81.9 MPH)
Batting: RHB Jon Griffin 0-0: Foul Ball, location: 2F
0-1: Foul Ball, location: 2F
0-2: Ball
1-2: Foul Ball, location: 2F
1-2: Fly out, F7 (Flyball, 7LM, EV 86.2 MPH)
Bottom of the 1st over - 0 runs, 0 hits, 0 errors, 0 left on base; Staten Island 2 - Los Angeles (NYP) 0
TOP OF THE 2ND
Staten Island Yankees batting - Pitching for Los Angeles (NYP) Angels : LHP Jon Curtis
Batting: SHB Plácido Barrrenho 0-0: Ground out 4-3 (Groundball, 4, EV 103.1 MPH)
Batting: LHB Carlos del Cueto 0-0: Called Strike
0-1: Foul Ball, location: 2F
0-2: Strikes out swinging
Batting: RHB Steve Martin 0-0: Called Strike
0-1: Called Strike
0-2: Strikes out swinging
Top of the 2nd over - 0 runs, 0 hits, 0 errors, 0 left on base; Staten Island 2 - Los Angeles (NYP) 0
BOTTOM OF THE 2ND
Los Angeles (NYP) Angels batting - Pitching for Staten Island Yankees : RHP Greg Waters
Batting: SHB Conor Davies 0-0: Fly out, F7 (Line Drive, 7, EV 105.0 MPH)
Batting: RHB Jeff Long 0-0: Foul Ball, location: 2F
0-1: Ball
1-1: Called Strike
1-2: Ball
2-2: Strikes out looking
Batting: RHB Tsega Haida 0-0: Called Strike
0-1: Ball
1-1: Ball
2-1: Swinging Strike
2-2: Ball
3-2: Foul Ball, location: 2F
3-2: Strikes out looking
Bottom of the 2nd over - 0 runs, 0 hits, 0 errors, 0 left on base; Staten Island 2 - Los Angeles (NYP) 0
TOP OF THE 3RD
Staten Island Yankees batting - Pitching for Los Angeles (NYP) Angels : LHP Jon Curtis
Batting: RHB Phil Corliss 0-0: Ball
1-0: Foul Ball, location: 2F
1-1: Foul Ball, location: 2F
1-2: Ball
2-2: Strikes out swinging
Batting: RHB Andres Valles 0-0: Ball
1-0: Swinging Strike
1-1: Ball
2-1: Foul Ball, location: 2F
2-2: Ball
3-2: Foul Ball, location: 2F
3-2: Foul Ball, location: 2F
3-2: SINGLE (Line Drive, 6M, EV 105.0 MPH)
Batting: LHB Roald Jacobs 0-0: Ball
1-0: Ball
2-0: Called Strike
2-1: Called Strike
2-2: Foul Ball, location: 2F
2-2: Ball
3-2: Strikes out swinging
Batting: LHB Tatsuo Yasui 0-0: Foul Ball, location: 2F
0-1: Ball
1-1: Foul Ball, location: 2F
1-2: Ball
2-2: Foul Ball, location: 2F
2-2: Foul Ball, location: 2F
2-2: Ball
3-2: Foul Ball, location: 2F
3-2: Foul Ball, location: 2F
3-2: Foul Ball, location: 2F
3-2: Ground out 6-3 (Groundball, 4MD, EV 91.2 MPH)
Top of the 3rd over - 0 runs, 1 hit, 0 errors, 1 left on base; Staten Island 2 - Los Angeles (NYP) 0
BOTTOM OF THE 3RD
Los Angeles (NYP) Angels batting - Pitching for Staten Island Yankees : RHP Greg Waters
Batting: RHB Steve Hughey 0-0: Called Strike
0-1: Ground out 5-3 (Groundball, 5, EV 85.0 MPH)
Batting: RHB Jason Habeck 0-0: SINGLE (Groundball, 56D, EV 100.6 MPH)
Batting: RHB Zach Robbins 0-0: Swinging Strike
0-1: Ball
1-1: Called Strike
1-2: Fly out, F8 (Flyball, 8LS, EV 91.2 MPH)
Batting: RHB Randy Grewe 0-0: Ball
1-0: Ball
2-0: Swinging Strike
2-1: Ball
Wild Pitch!
Jason Habeck to second
3-1: Base on Balls
Batting: RHB Steve Hasson 0-0: Ball
1-0: Ground out 5-3 (Groundball, 56S, EV 67.5 MPH)
Bottom of the 3rd over - 0 runs, 1 hit, 0 errors, 2 left on base; Staten Island 2 - Los Angeles (NYP) 0
TOP OF THE 4TH
Staten Island Yankees batting - Pitching for Los Angeles (NYP) Angels : LHP Jon Curtis
Batting: LHB Ben Roth 0-0: Ball
1-0: Called Strike
1-1: Ball
2-1: Foul Ball, location: 2F
2-2: Strikes out swinging
Batting: RHB Lorenzo Vasquez 0-0: Ball
1-0: Ball
2-0: Ball
3-0: Called Strike
3-1: Base on Balls
Batting: SHB Plácido Barrrenho 0-0: Ball
1-0: Ball
2-0: Fielders Choice at 2nd, 6-4 (Groundball, 6, EV 92.5 MPH)
Batting: LHB Carlos del Cueto 0-0: Ball
1-0: Ball
2-0: Ball
3-0: Ground out 4-3 (Groundball, 34, EV 103.1 MPH)
Top of the 4th over - 0 runs, 0 hits, 0 errors, 1 left on base; Staten Island 2 - Los Angeles (NYP) 0
BOTTOM OF THE 4TH
Los Angeles (NYP) Angels batting - Pitching for Staten Island Yankees : RHP Greg Waters
Batting: RHB Jon Griffin 0-0: Foul Ball, location: 2F
0-1: Ball
1-1: Ball
2-1: Ball
3-1: Fly out, F7 (Flyball, 7S, EV 85.6 MPH)
Batting: SHB Conor Davies 0-0: Called Strike
0-1: Foul Ball, location: 2F
0-2: Ball
1-2: Foul Ball, location: 2F
1-2: Ground out 4-3 (Groundball, 4, EV 85.6 MPH)
Batting: RHB Jeff Long 0-0: Called Strike
0-1: Ball
1-1: Ball
2-1: Ground out 5-3 (Groundball, 56, EV 102.5 MPH)
Bottom of the 4th over - 0 runs, 0 hits, 0 errors, 0 left on base; Staten Island 2 - Los Angeles (NYP) 0
TOP OF THE 5TH
Staten Island Yankees batting - Pitching for Los Angeles (NYP) Angels : LHP Jon Curtis
Batting: RHB Steve Martin 0-0: Ball
1-0: Called Strike
1-1: Ball
2-1: Foul Ball, location: 2F
2-2: Foul Ball, location: 2F
2-2: Ground out U3 (Groundball, 34S, EV 90.6 MPH)
Batting: RHB Phil Corliss 0-0: Ball
1-0: Ball
2-0: Swinging Strike
2-1: Ball
3-1: Base on Balls
Batting: RHB Andres Valles 0-0: Called Strike
Phil Corliss steals 2nd base
0-1: Ball
1-1: Swinging Strike
1-2: Ball
2-2: Ball
3-2: Fly out, F8 (Flyball, 8LD, EV 101.9 MPH)
Runner from 2nd tags up, SAFE at 3rd with throw by CF
Batting: LHB Roald Jacobs 0-0: Ball
1-0: Called Strike
1-1: Foul Ball, location: 2F
1-2: SINGLE (Line Drive, 9S, EV 91.2 MPH)
Phil Corliss scores
Batting: LHB Tatsuo Yasui 0-0: Ball
Roald Jacobs steals 2nd base
1-0: DOUBLE (Line Drive, 7LD, EV 99.4 MPH)
Roald Jacobs scores
Batting: LHB Ben Roth 0-0: Ball
1-0: Foul Ball, location: 2F
1-1: Foul Ball, location: 2F
1-2: Ball
2-2: Ball
3-2: Base on Balls
Pitching: RHP Kevin Greene
Batting: RHB Lorenzo Vasquez 0-0: Ground out 4-3 (Groundball, 4, EV 82.5 MPH)
Top of the 5th over - 2 runs, 2 hits, 0 errors, 2 left on base; Staten Island 4 - Los Angeles (NYP) 0
BOTTOM OF THE 5TH
Los Angeles (NYP) Angels batting - Pitching for Staten Island Yankees : RHP Greg Waters
Batting: RHB Tsega Haida 0-0: Ground out 6-3 (Groundball, 6S, EV 90.6 MPH)
Batting: RHB Steve Hughey 0-0: Hit by Pitch
Batting: RHB Jason Habeck 0-0: Foul Ball, location: 2F
0-1: Ball
1-1: Swinging Strike
1-2: Ball
2-2: Strikes out swinging
Batting: RHB Zach Robbins 0-0: Ball
1-0: Foul Ball, location: 2F
1-1: SINGLE (Groundball, 56D, EV 99.4 MPH)
Steve Hughey to second
Batting: RHB Randy Grewe 0-0: Swinging Strike
0-1: Ball
Wild Pitch!
Steve Hughey to third
Zach Robbins to second
1-1: Ball
2-1: Ball
3-1: Called Strike
3-2: Foul Ball, location: 2F
3-2: Foul Ball, location: 2F
3-2: SINGLE (Groundball, 4M, EV 106.9 MPH)
Steve Hughey scores
Zach Robbins to third
Runner from 3rd tries for Home, SAFE, throw by CF to home
Batting: RHB Steve Hasson 0-0: Ball
1-0: SINGLE (Flyball, 9LS, EV 93.1 MPH)
Randy Grewe to second
Runner from 2nd tries for 3rd, SAFE, no throw by RF
Batting: RHB Jon Griffin 0-0: Called Strike
0-1: Ball
1-1: DOUBLE (Line Drive, 78XD, EV 101.2 MPH)
Randy Grewe scores
Steve Hasson to third
Runner from 3rd tries for Home, SAFE, throw by CF to trailing runner, SAFE at third!
Batting: SHB Conor Davies 0-0: Ball
1-0: DOUBLE (Flyball, 8LXD, EV 108.1 MPH)
Jon Griffin scores
Pitching: RHP Nick Schweer
Batting: RHB Jeff Long 0-0: Ball
1-0: Ball
2-0: Foul Ball, location: 2F
2-1: Ball
3-1: Base on Balls
Batting: RHB Tsega Haida 0-0: Called Strike
0-1: Foul Ball, location: 2F
0-2: Ball
Wild Pitch!
Conor Davies to third
Jeff Long to second
1-2: Ball
2-2: Ball
3-2: Base on Balls
Batting: RHB Steve Hughey 0-0: Ball
1-0: Fielders Choice at 2nd, 6-4 (Groundball, 56, EV 80.6 MPH)
Bottom of the 5th over - 5 runs, 5 hits, 0 errors, 3 left on base; Staten Island 4 - Los Angeles (NYP) 5
TOP OF THE 6TH
Staten Island Yankees batting - Pitching for Los Angeles (NYP) Angels : RHP Kevin Greene
Batting: SHB Plácido Barrrenho 0-0: Foul Ball, location: 2F
0-1: Ball
1-1: Called Strike
1-2: Ball
2-2: Ball
3-2: Foul Ball, location: 2F
3-2: Base on Balls
Batting: LHB Carlos del Cueto 0-0: Ball
1-0: Ball
2-0: Ball
3-0: Base on Balls
Plácido Barrrenho to second
Batting: RHB Steve Martin 0-0: Called Strike
0-1: Foul Ball, location: 2F
0-2: Ball
1-2: Ball
2-2: Foul Ball, location: 2F
2-2: Ball
3-2: Fly out, F9 (Flyball, 9LS, EV 86.9 MPH)
Pinch Hitting: LHB Sergio Corona 0-0: Swinging Strike
0-1: Foul Ball, location: 2F
0-2: Ball
1-2: Ball
2-2: Foul Ball, location: 2F
2-2: Foul Ball, location: 2F
2-2: Strikes out swinging
Batting: RHB Andres Valles 0-0: Ball
1-0: Called Strike
1-1: Ball
2-1: Foul Ball, location: 2F
2-2: Ball
3-2: Foul Ball, location: 2F
3-2: Foul Ball, location: 2F
3-2: SINGLE (Line Drive, 3D, EV 107.5 MPH)
Plácido Barrrenho to third
Carlos del Cueto to second
Plácido Barrrenho scores
Carlos del Cueto to third
Pitching: LHP Alex Pulido
Pinch Hitting: RHB Chris Diaz 0-0: Ball
1-0: Foul Ball, location: 2F
1-1: Foul Ball, location: 2F
1-2: Foul Ball, location: 2F
1-2: Ball
2-2: Fly out, F9 (Flyball, 9D, EV 88.1 MPH)
Top of the 6th over - 1 run, 1 hit, 0 errors, 2 left on base; Staten Island 5 - Los Angeles (NYP) 5
BOTTOM OF THE 6TH
Los Angeles (NYP) Angels batting - Pitching for Staten Island Yankees : RHP Nick Schweer
Now at 2B: Steve Martin
Now at SS: Chris Diaz
Now in CF: Gotthold Schneider
Batting: RHB Jason Habeck 0-0: Ball
1-0: Ball
2-0: Ball
3-0: Base on Balls
Batting: RHB Zach Robbins 0-0: Foul Ball, location: 2F
0-1: Swinging Strike
0-2: Fly out, F4 (Line Drive, 4, EV 73.1 MPH)
Lined into DP, 4-3 (Line Drive, 4, EV 67.5 MPH)
Batting: RHB Randy Grewe 0-0: Foul Ball, location: 2F
0-1: Ball
1-1: Ball
2-1: Ball
3-1: Base on Balls
Batting: RHB Steve Hasson 0-0: Ball
1-0: Called Strike
1-1: SINGLE (Groundball, 23, EV 75.6 MPH) (infield hit)
Randy Grewe to second
Batting: RHB Jon Griffin 0-0: Foul Ball, location: 2F
0-1: Ball
1-1: Ball
2-1: Ball
3-1: Called Strike
3-2: Foul Ball, location: 2F
3-2: Base on Balls
Randy Grewe to third
Steve Hasson to second
Batting: SHB Conor Davies 0-0: Ground out 1-3 (Groundball, 34S, EV 76.2 MPH)
Bottom of the 6th over - 0 runs, 1 hit, 0 errors, 3 left on base; Staten Island 5 - Los Angeles (NYP) 5
TOP OF THE 7TH
Staten Island Yankees batting - Pitching for Los Angeles (NYP) Angels : LHP Alex Pulido
Batting: LHB Tatsuo Yasui 0-0: Ball
1-0: Swinging Strike
1-1: Ball
2-1: Ball
3-1: Foul Ball, location: 2F
3-2: Fly out, F8 (Flyball, 8LD, EV 96.9 MPH)
Batting: LHB Ben Roth 0-0: Ball
1-0: Called Strike
1-1: Swinging Strike
1-2: Ball
2-2: SINGLE (Flyball, 6D, EV 88.1 MPH)
Batting: RHB Lorenzo Vasquez 0-0: Called Strike
0-1: Called Strike
0-2: DOUBLE (Line Drive, 9LM, EV 100.6 MPH)
Ben Roth to third
Batting: SHB Plácido Barrrenho 0-0: Intentional Walk
Pinch Hitting: RHB Gustavo Amparo 0-0: DOUBLE (Line Drive, 7LS, EV 96.2 MPH)
Ben Roth scores
Lorenzo Vasquez scores
Plácido Barrrenho to third
Batting: RHB Steve Martin 0-0: Intentional Walk
Pinch Hitting: RHB Walt Couch 0-0: Ball
1-0: Ball
2-0: Called Strike
2-1: Called Strike
2-2: Strikes out swinging
Batting: RHB Andres Valles 0-0: Ball
1-0: Ball
2-0: Ball
3-0: Called Strike
3-1: Foul Ball, location: 2F
3-2: Foul Ball, location: 2F
3-2: Base on Balls
Plácido Barrrenho scores
Gustavo Amparo to third
Steve Martin to second
Batting: RHB Chris Diaz 0-0: Foul Ball, location: 2F
0-1: Ball
1-1: Fly out, F7 (Line Drive, 7LS, EV 109.4 MPH)
Top of the 7th over - 3 runs, 3 hits, 0 errors, 3 left on base; Staten Island 8 - Los Angeles (NYP) 5
BOTTOM OF THE 7TH
Los Angeles (NYP) Angels batting - Pitching for Staten Island Yankees : RHP Nick Schweer
Pitching: RHP Dan Welsh
Now in CF: Mario Hurtado
Now in RF: Bobby Arteaga
Batting: RHB Jeff Long 0-0: Ball
1-0: Ball
2-0: Ball
3-0: Base on Balls
Batting: RHB Tsega Haida 0-0: Ball
1-0: Ball
2-0: Bunt missed!
2-1: Bunt missed!
2-2: Foul Ball, location: 2F
2-2: Foul Ball, location: 2F
2-2: Fly out, F7 (Flyball, 7LM, EV 77.5 MPH)
Batting: RHB Steve Hughey 0-0: Ball
Jeff Long steals 2nd base
1-0: Called Strike
Jeff Long steals 3rd, throwing error, E2
Jeff Long scores
1-1: Foul Ball, location: 2F
1-2: Foul Ball, location: 2F
1-2: Ground out 1-3 (Groundball, 34S, EV 68.1 MPH)
Batting: RHB Jason Habeck 0-0: Called Strike
0-1: Ball
1-1: Ball
2-1: Called Strike
2-2: Foul Ball, location: 2F
2-2: Fly out, F4 (Line Drive, 4, EV 68.8 MPH)
Bottom of the 7th over - 1 run, 0 hits, 1 error, 0 left on base; Staten Island 8 - Los Angeles (NYP) 6
TOP OF THE 8TH
Staten Island Yankees batting - Pitching for Los Angeles (NYP) Angels : LHP Alex Pulido
Pitching: LHP Brandon Davis
Batting: LHB Tatsuo Yasui 0-0: Ball
1-0: Foul Ball, location: 2F
1-1: Ball
2-1: Foul Ball, location: 2F
2-2: Strikes out swinging
Batting: LHB Ben Roth 0-0: Called Strike
0-1: Foul Ball, location: 2F
0-2: Ball
1-2: Strikes out swinging
Batting: RHB Lorenzo Vasquez 0-0: Called Strike
0-1: Called Strike
0-2: Ball
1-2: Ball
2-2: Strikes out swinging
Top of the 8th over - 0 runs, 0 hits, 0 errors, 0 left on base; Staten Island 8 - Los Angeles (NYP) 6
BOTTOM OF THE 8TH
Los Angeles (NYP) Angels batting - Pitching for Staten Island Yankees : RHP Dan Welsh
Pitching: RHP Wade Cardin
Batting: RHB Zach Robbins 0-0: Ball
1-0: Ball
2-0: Swinging Strike
2-1: Foul Ball, location: 2F
2-2: Strikes out swinging
Batting: RHB Randy Grewe 0-0: Foul Ball, location: 2F
0-1: Ball
1-1: Foul Ball, location: 2F
1-2: SINGLE (Groundball, 6MD, EV 105.0 MPH)
Batting: RHB Steve Hasson 0-0: Called Strike
0-1: Ball
1-1: Called Strike
1-2: Reached on error, E8 (Flyball, 8RS, EV 84.4 MPH)
Randy Grewe to second
Batting: RHB Jon Griffin 0-0: Ball
1-0: Foul Ball, location: 2F
1-1: Foul Ball, location: 2F
1-2: Foul Ball, location: 2F
1-2: Foul Ball, location: 2F
1-2: DOUBLE (Line Drive, 89D, EV 111.2 MPH)
Randy Grewe scores
Steve Hasson to third
Batting: SHB Conor Davies 0-0: Ball
1-0: Foul Ball, location: 2F
1-1: Ground out 4-3 (Groundball, 4, EV 86.2 MPH)
Steve Hasson scores
Jon Griffin to third
Batting: RHB Jeff Long 0-0: Intentional Walk
Batting: RHB Tsega Haida 0-0: Ball
1-0: Foul Ball, location: 2F
1-1: Ball
2-1: Called Strike
2-2: Foul Ball, location: 2F
2-2: Ground out 5-3 (Groundball, 56S, EV 88.8 MPH)
Bottom of the 8th over - 2 runs, 2 hits, 1 error, 2 left on base; Staten Island 8 - Los Angeles (NYP) 8
TOP OF THE 9TH
Staten Island Yankees batting - Pitching for Los Angeles (NYP) Angels : LHP Brandon Davis
Batting: SHB Plácido Barrrenho 0-0: Foul Ball, location: 2F
0-1: Ball
1-1: Ball
2-1: Foul Ball, location: 2F
2-2: Strikes out swinging
Batting: LHB Mario Hurtado 0-0: Swinging Strike
0-1: Foul Ball, location: 2F
0-2: DOUBLE (Line Drive, 5D, EV 101.9 MPH)
Batting: RHB Steve Martin 0-0: Intentional Walk
Batting: RHB Bobby Arteaga 0-0: Called Strike
0-1: Called Strike
Mario Hurtado steals 3rd base
0-2: Ball
1-2: Ball
2-2: Foul Ball, location: 2F
2-2: Foul Ball, location: 2F
2-2: Strikes out swinging
Batting: RHB Andres Valles 0-0: Ball
1-0: Called Strike
Steve Martin steals 2nd base (no throw)
1-1: Intentional Walk
Batting: RHB Chris Diaz 0-0: Called Strike
0-1: Ball
1-1: Hit by Pitch
Mario Hurtado scores
Steve Martin to third
Andres Valles to second
Batting: LHB Tatsuo Yasui 0-0: Ball
1-0: DOUBLE (Flyball, 8RXD, EV 95.0 MPH)
Steve Martin scores
Andres Valles scores
Chris Diaz to third
Batting: RHB Jordan Torres 0-0: Ball
1-0: Foul Ball, location: 2F
1-1: Foul Ball, location: 2F
1-2: Ball
2-2: Foul Ball, location: 2F
2-2: Foul Ball, location: 2F
2-2: Strikes out looking
Top of the 9th over - 3 runs, 2 hits, 0 errors, 2 left on base; Staten Island 11 - Los Angeles (NYP) 8
BOTTOM OF THE 9TH
Los Angeles (NYP) Angels batting - Pitching for Staten Island Yankees : RHP Wade Cardin
Pitching: RHP Jay Brumfield
Batting: RHB Steve Hughey 0-0: Foul Ball, location: 2F
0-1: Swinging Strike
0-2: Ball
1-2: Foul Ball, location: 2F
1-2: Foul Ball, location: 2F
1-2: Foul Ball, location: 2F
1-2: Hit by Pitch
Batting: RHB Jason Habeck 0-0: Grounds into double play, 4-6-3 (Groundball, 4, EV 103.8 MPH)
Batting: RHB Zach Robbins 0-0: Ground out 5-3 (Groundball, 56, EV 106.9 MPH)
Bottom of the 9th over - 0 runs, 0 hits, 0 errors, 0 left on base; Staten Island 11 - Los Angeles (NYP) 8
Thursday, March 31st , 2022 - OOTP Baseball 22.12 Build 89